 Dungeon Crawl Stone Soup version 0.31-a0-237-g2d982f9f85 (webtiles) character file.

Game seed: 9947067468129601053

240 qw the Shooter (level 5, -6/45 HPs)
             Began as a Minotaur Hexslinger on July 11, 2023.
             Was an Initiate of Okawaru.
             Mangled by a gnoll
             ... wielding a +0 whip
              (8 damage)
             ... on level 4 of the Dungeon.
             The game lasted 00:00:52 (2320 turns).

qw the Shooter (Minotaur Hexslinger)                Turns: 2320, Time: 00:00:53

Health: -6/45      AC:  6    Str: 13    XL:     5   Next: 79%
Magic:  5/5        EV: 11    Int: 10    God:    Okawaru [......]
Gold:   143        SH:  0    Dex: 14    Spells: 5/6 levels left

rFire   . . .        Y - +1 sling (freeze)
rCold   . . .        (no shield)
rNeg    . . .        k - +0 ring mail
rPois   +            (helmet restricted)
rElec   .            e - +0 cloak
rCorr   .            (no gloves)
SInv    .            (no boots)
Will    .....        (no amulet)
Stlth   +            d - ring of poison resistance
HPRegen 0.27/turn    (no ring)
MPRegen 0.09/turn

%: no passive effects
@: no status effects
A: horns 2, retaliatory headbutt
a: Renounce Religion


You were on level 4 of the Dungeon.
You worshipped Okawaru.
Okawaru was noncommittal.
You visited 1 branch of the dungeon, and saw 4 of its levels.

You collected 143 gold pieces.


Innate Abilities, Weirdness & Mutations

You have a pair of horns on your head.
You reflexively headbutt those who attack you in melee.


   Skills:
 - Level 3.1 Fighting
 + Level 5.9 Ranged Weapons
 - Level 1.3 Armour
 - Level 2.1 Dodging
 - Level 1.0 Spellcasting
 - Level 2.0 Hexes


You had 5 spell levels left.
You knew the following spells:

 Your Spells              Type           Power      Damage    Failure   Level
a - Slow                  Hex            16%        N/A       32%         1

Your spell library contained the following spells:

 Spells                   Type           Power      Damage    Failure   Level
 Inner Flame              Hex/Fire       2%         N/A       82%         3
 Portal Projectile        Hex/Tloc       4%         N/A       82%         3
 Cause Fear               Hex            2%         N/A       97%         4

Inventory:

Hand Weapons
 Y - a +1 sling of freezing (weapon)
Armour
 e - a +0 cloak (worn)
 k - a +0 ring mail (worn)
Jewellery
 d - a ring of poison resistance (left hand)
Scrolls
 g - a scroll of identify
Potions
 a - a potion of cancellation {unknown}
 c - a potion of lignification {unknown}
 f - a potion of heal wounds {unknown}
 h - a potion of enlightenment {unknown}
 i - a potion of invisibility {unknown}
 j - a potion of resistance
 l - 2 potions of curing
 m - a potion of haste {unknown}

Dungeon Overview and Level Annotations

Branches:
Dungeon (4/15)
 Temple: D:4-7

Altars:
Okawaru


Message History

The gnoll closely misses you. You furiously retaliate!
You headbutt the gnoll!
You kill the gnoll!
Okawaru accepts your kill.
The gnoll hits you from afar with a +0 halberd.
You shoot a sling bullet. The sling bullet hits the gnoll.
The sling bullet freezes the gnoll.
The gnoll is severely wounded.
The gnoll closely misses you.
The gnoll hits you from afar with a +0 halberd.
You shoot a sling bullet.
The sling bullet closely misses the gnoll.
The gnoll barely misses you.
You shoot a sling bullet. The sling bullet hits the gnoll.
The sling bullet freezes the gnoll.
You kill the gnoll!
Okawaru accepts your kill.
You shoot a sling bullet. The sling bullet hits the gnoll.
The sling bullet freezes the gnoll.
The gnoll is moderately wounded.
The gnoll hits you from afar with a +0 spear.
You shoot a sling bullet. The sling bullet hits the gnoll!
The sling bullet freezes the gnoll.
You kill the gnoll!
Okawaru accepts your kill.
You shoot a sling bullet. The sling bullet hits the gnoll.
The sling bullet freezes the gnoll.
The gnoll is moderately wounded.
The gnoll hits you with a +0 whip.
You shoot a sling bullet.
The sling bullet closely misses the gnoll.
The gnoll hits you with a +0 whip.
You shoot a sling bullet. The sling bullet hits the gnoll.
The sling bullet freezes the gnoll.
The gnoll is heavily wounded.
The gnoll completely misses you.
You shoot a sling bullet.
The sling bullet closely misses the gnoll.
You hear a shout!
The gnoll hits you with a +0 whip. The gnoll hits you with a +0 whip!
You die...

##########
#######<....>..####
.........#####.##..
......#.######.##.#
###.#.#....##..##.#
#. #.......#..##.#
#
#.......#...#.#####
###...####........#
#)@.....#..#####..[
#.g.#...#..# #.#.
###)#+###..# #...
..# ..## #... g..#
... #####... ..###
#... ........


gg. .#####.. #$.. #~~ gg# #)~ You could see a gnoll.

Vanquished Creatures
  A kobold brigand (D:3)
  A hound (D:4)
  5 gnolls (D:4)
  2 adders
  An ufetubus (D:4)
  2 worms
  3 orcs
  7 ball pythons
  4 bats
  6 endoplasms
  3 giant cockroaches
  6 goblins
  5 hobgoblins
  2 jackals (D:3)
  2 quokkas
  7 frilled lizards
  2 kobolds
  4 rats
63 creatures vanquished.

Notes
Turn   | Place    | Note
-------+----------+-------------------------------------------
     0 | D:1      | qw the Minotaur Hexslinger began the quest for the Orb.
     0 | D:1      | Reached XP level 1. HP: 16/16 MP: 1/1
     0 | D:1      | 0 ||| qw: Version: 0.3-a-52-g30416fa
     0 | D:1      | 0 ||| qw: Game counter: 5733
     0 | D:1      | 0 ||| qw: Melee chars always use a shield: true
     0 | D:1      | 0 ||| qw: God list: Okawaru
     0 | D:1      | 0 ||| qw: Allow faded altars: false
     0 | D:1      | 0 ||| qw: Do Orc after clearing Dungeon:15 true
     0 | D:1      | 0 ||| qw: Do second Lair branch before Depths: true
     0 | D:1      | 0 ||| qw: Lair rune preference: random
     0 | D:1      | 0 ||| qw: Goals: Normal
     0 | D:1      | 0 ||| PLANNING D:1-11
   120 | D:1      | Found a faded altar of an unknown god.
   338 | D:1      | Reached skill level 3 in Ranged Weapons
   338 | D:1      | Reached XP level 2. HP: 19/23 MP: 2/2
   628 | D:1      | 628 ||| UPGRADING to +0 cloak.
   633 | D:1      | 633 ||| UPGRADING to +0 leather armour.
   643 | D:1      | 643 ||| DROPPING +0 robe.
   644 | D:1      | 644 ||| UPGRADING to +0 ring mail.
   654 | D:1      | 654 ||| DROPPING +0 leather armour.
   655 | D:1      | 655 ||| READING scroll labelled NIDDOSTYITH.
   656 | D:1      | 656 ||| READING scroll labelled SAIL TAKHLITH.
   657 | D:1      | 657 ||| DRINKING 3 brown potions.
   658 | D:1      | 658 ||| DROPPING scroll of poison.
   816 | D:2      | Reached XP level 3. HP: 29/29 MP: 3/3
  1063 | D:2      | Reached skill level 4 in Ranged Weapons
  1279 | D:2      | 1279 ||| READING scroll labelled COECOK XENEU.
  1280 | D:2      | 1280 ||| READING scroll labelled JIN MADWUIMEB.
  1381 | D:2      | 1381 ||| READING scroll labelled ELUODD LOTOT.
  1382 | D:2      | 1382 ||| DRINKING 2 sapphire potions.
  1383 | D:2      | 1383 ||| DROPPING potion of brilliance.
  1448 | D:3      | Reached skill level 1 in Armour
  1862 | D:3      | Reached XP level 4. HP: 36/36 MP: 4/4
  1954 | D:3      | Noticed a kobold brigand
  1961 | D:3      | Killed a kobold brigand
  1962 | D:3      | Reached skill level 5 in Ranged Weapons
  1962 | D:3      | Reached XP level 5. HP: 28/41 MP: 5/5
  2167 | D:3      | 2167 ||| UPGRADING to ring of poison resistance.
  2168 | D:3      | 2168 ||| READING scroll labelled APAAFU LOWIDE.
  2169 | D:3      | 2169 ||| READING scroll labelled URYERR IJIR.
  2170 | D:3      | 2170 ||| DRINKING 2 amethyst potions.
  2238 | D:4      | Found an iron altar of Okawaru.
  2239 | D:4      | 2239 ||| PLANNING OKAWARU WORSHIP
  2247 | D:4      | Became a worshipper of Warmaster Okawaru
  2248 | D:4      | 2248 ||| PLANNING D:1-11
  2272 | D:4      | Reached skill level 3 in Fighting
  2295 | D:4      | 2295 ||| Stepping ~*~*~tactically~*~*~ (outnumbered).
  2297 | D:4      | 2297 ||| Stepping ~*~*~tactically~*~*~ (outnumbered).
  2315 | D:4      | HP: 9/45 [gnoll/+0 spear (6)]
  2318 | D:4      | HP: 3/45 [gnoll/+0 whip (4)]
  2320 | D:4      | Mangled by a gnoll

Levels and vault maps discovered:
D:1:      noname_arrival_rooms_in_the_neighbourhood, layout_loops_ring,
          hellmonk_ecumenical_altar_leap_of_faith
D:2:      layout_loops_cross, minmay_pentomino_o4
D:3:      layout_basic, minmay_misc_feat_columns
D:4:      layout_loops_ring, pdpol_wu_jian_five_deadly_venoms,
          marbit_many_paths, hangedman_ru_absence, kennysheep_okawaru_gauntlet,
          hangedman_decor_opposing

Skill      XL: |  1  2  3  4  5 |
---------------+----------------+-----
Ranged Weapons | 3 4 5 |  5.9
Fighting       | 2 3 |  3.1
Armour         | 1 |  1.3
Dodging        | |  2.1
Spellcasting   | |  1.0
Hexes          | |  2.0

Action                     |  1- 3 |  4- 6 || total
---------------------------+-------+-------++-------
   Fire: Sling             |   121 |    63 ||   184
    Use: Scroll            |     5 |     2 ||     7
         Potion            |     2 |     1 ||     3
 Armour: Robe              |     2 |       ||     2
         Ring mail         |    10 |    13 ||    23
  Dodge: Dodged            |    25 |    21 ||    46

Table legend:
 A = Non-vault XP
 B = Vault XP
 C = Vault XP percentage of total XP
 D = Non-vault monster count
 E = Vault monster count
 F = Vault count percentage of total count
                 A         B        C        D         E       F
            +---------+---------+-------+---------+---------+-------
      Total |     321 |      22 |   6.4 |      57 |       6 |   9.5
            +---------+---------+-------+---------+---------+-------
        D:1 |      20 |       0 |   0.0 |      12 |       0 |   0.0
        D:2 |      31 |      18 |  36.7 |      18 |       4 |  18.2
        D:3 |     140 |       0 |   0.0 |      16 |       0 |   0.0
        D:4 |     130 |       4 |   3.0 |      11 |       2 |  15.4
            +---------+---------+-------+---------+---------+-------
